 Dungeon Crawl Stone Soup version 0.27-a0-1185-ga233589e6f (webtiles) character file.

Game seed: 11811685524595886866

1338 Froggeryz the Insei (level 8, -4/67 HPs)
             Began as a Gnoll Monk on May 19, 2021.
             Was a Believer of Cheibriados.
             Slain by Edmund
             ... wielding a +1 dire flail of protection
              (10 damage)
             ... on level 6 of the Dungeon.
             The game lasted 00:10:00 (8579 turns).

Froggeryz the Insei (Gnoll Monk)                    Turns: 8579, Time: 00:10:01

Health: -4/67      AC:  5    Str: 17    XL:     8   Next: 61%
Magic:  22/22      EV: 16    Int: 15    God:    Cheibriados [**....]
Gold:   237        SH:  0    Dex: 20    Spells: 11/13 levels left

rFire    . . .     SeeInvis .     - Unarmed
rCold    . . .     Faith    +   (no shield)
rNeg     . . .     Spirit   .   d - +0 leather armour
rPois    +         Reflect  .   (no helmet)
rElec    .         Harm     .   (no cloak)
rCorr    .         Rampage  .   (no gloves)
Will     ++...                  s - +1 pair of boots
Stlth    +++.......             f - amulet of the Duchess {Faith Drain rPois Will++}
HPRegen  0.21/turn              p - ring of magical power
MPRegen  0.18/turn              (no ring)

@: very slow
A: fangs 1, strong nose, distributed training
a: Renounce Religion, Bend Time


You were on level 6 of the Dungeon.
You worshipped Cheibriados.
Cheibriados was pleased with you.
You visited 2 branches of the dungeon, and saw 7 of its levels.

You collected 237 gold pieces.

Inventory:

Hand Weapons
 i - a +2 hunting sling of freezing
Missiles
 h - 157 stones (quivered)
 l - 19 sling bullets
 r - 3 boomerangs of dispersal
 t - 7 javelins
Armour
 d - a +0 leather armour (worn)
 s - a +1 pair of boots (worn)
Jewellery
 f - the amulet of the Duchess (around neck) {Faith Drain rPois Will++}
   (You acquired it on level 3 of the Dungeon)

   [amulet of faith]

   It allows you to gain divine favour quickly.
   It protects you from poison.
   It drains your maximum health when unequipped.
   It greatly increases your willpower.
 p - a ring of magical power (left hand)
Scrolls
 b - a scroll of noise
 k - a scroll of blinking
 m - 2 scrolls of silence
 o - a scroll of holy word
 u - a scroll of fog
 v - 2 scrolls of fear
 y - a scroll of vulnerability
Potions
 c - a potion of degeneration
 e - a potion of invisibility {unknown}
 g - a potion of brilliance
 j - a potion of magic
 n - a potion of attraction {unknown}
 w - 2 potions of ambrosia {unknown}


   Skills:
 + Level 7.4 Fighting
 + Level 3.4 Short Blades
 + Level 3.4 Long Blades
 + Level 3.4 Axes
 + Level 3.4 Maces & Flails
 + Level 3.4 Polearms
 + Level 3.4 Staves
 + Level 3.4 Slings
 + Level 3.4 Bows
 + Level 3.4 Crossbows
 + Level 3.4 Throwing
 + Level 3.4 Armour
 + Level 7.4 Dodging
 + Level 5.4 Stealth
 + Level 3.4 Shields
 + Level 7.4 Unarmed Combat
 + Level 3.4 Spellcasting
 + Level 2.8 Conjurations
 + Level 2.8 Hexes
 + Level 2.8 Summonings
 + Level 2.8 Necromancy
 + Level 2.8 Translocations
 + Level 2.8 Transmutations
 + Level 2.8 Fire Magic
 + Level 2.8 Ice Magic
 + Level 2.8 Air Magic
 + Level 2.8 Earth Magic
 + Level 2.8 Poison Magic
 + Level 3.8 Invocations
 + Level 3.4 Evocations


You had 11 spell levels left.
You knew the following spells:

 Your Spells              Type           Power      Damage    Failure   Level
a - Blink                 Tloc           N/A        N/A       11%         2

Your spell library contained the following spells:

 Spells                   Type           Power      Damage    Failure   Level
 Animate Skeleton         Necr           22%        N/A       7%          1
 Apportation              Tloc           22%        N/A       7%          1
 Corona                   Hex            12%        N/A       7%          1
 Magic Dart               Conj           44%        1d5       7%          1
 Sandblast                Erth           22%        2d7       7%          1
 Summon Small Mammal      Summ           44%        N/A       7%          1
 Searing Ray              Conj           22%        3d3       11%         2
 Dazzling Flash           Conj/Hex       22%        N/A       22%         3
 Stone Arrow              Conj/Erth      22%        3d8       22%         3
 Fulminant Prism          Conj/Hex       5%         3d7       56%         4
 Iskenderun's Mystic Bla  Conj/Tloc      11%        2d4       56%         4
 Leda's Liquefaction      Hex/Erth       5%         N/A       56%         4
 Passage of Golubria      Tloc           N/A        N/A       56%         4
 Petrify                  Tmut/Erth      11%        N/A       56%         4
 Alistair's Intoxication  Tmut/Pois      7%         N/A       89%         5
 Borgnjor's Vile Clutch   Necr/Erth      5%         N/A       89%         5
 Lee's Rapid Deconstruct  Erth           5%         3d7*      89%         5
 Dispersal                Tloc           5%         N/A       100%        6
 Statue Form              Tmut/Erth      7%         N/A       100%        6


Dungeon Overview and Level Annotations

Branches:
Dungeon (6/15)             Temple (1/1) D:5

Altars:
Cheibriados
Elyvilon
Fedhas
Gozag
Hepliaklqana
Kikubaaqudgha
Makhleb
Nemelex Xobeh
Okawaru
Qazlal
Trog
Uskayaw
Vehumet
Yredelemnul
Zin

Shops:
D:3 *

Annotations:
D:6 Edmund


Innate Abilities, Weirdness & Mutations

You have very sharp teeth.
Your uncanny sense of smell can sniff out nearby items.
Your experience applies equally to all skills.


Message History

You hit Edmund but do no damage.
Edmund is heavily wounded.
Edmund hits you with a +1 dire flail of protection!
You are too injured to fight recklessly!
You are too injured to fight recklessly!
You are too injured to fight recklessly!
You barely miss Edmund.
Edmund is heavily wounded.
You hit Edmund but do no damage.
Edmund is heavily wounded.
Edmund hits you with a +1 dire flail of protection.
You punch Edmund!
Edmund is severely wounded.
Edmund misses you.
You hit Edmund but do no damage. You bite Edmund, but do no damage.
Edmund is severely wounded.
Edmund closely misses you.
You hit Edmund but do no damage.
Edmund is severely wounded.
Edmund hits you with a +1 dire flail of protection!
* * * LOW HITPOINT WARNING * * *
You hit Edmund but do no damage.
Edmund is severely wounded.
Edmund barely misses you.
You barely miss Edmund. You bite Edmund, but do no damage.
Edmund is severely wounded.
Edmund hits you with a +1 dire flail of protection.
* * * LOW HITPOINT WARNING * * *
You hit Edmund.
Edmund is severely wounded.
You hit Edmund.
Edmund is almost dead.
Edmund closely misses you.
You completely miss Edmund. You bite Edmund, but do no damage.
Edmund is almost dead.
Edmund drinks a potion.
Edmund is healed!
You hit Edmund but do no damage.
Edmund is severely wounded.
Edmund hits you with a +1 dire flail of protection!
You die...

,***,,###*,,,##....####....##....
,,,####..#####.....##....#......,
**,...........................#*,
***#....!..........).........#**
**###................[.......># *
,,....................<..[....##*
*###.........../.....>[.[......#.
#...............#.#....>.)......
##.........##.##@####............
#..........####.@.##.............
.......<...###.....##............
...........#(................###.
##.........##.................#*.
##........#..................#*,
##...........##.............#,,
####...###..####..........,,,,
#....,##..#*....#....##,,**


You could see Edmund.

Vanquished Creatures
  An ice beast (D:5)
  3 ogres (D:4)
  A phantom (D:4)
  Blork the orc (D:5)
  A scorpion (D:4)
  A water moccasin zombie (D:5)
  A water moccasin skeleton (D:5)
  A howler monkey (D:5)
  A centaur zombie (D:5)
  A jelly (D:5)
  A bullfrog skeleton (D:6)
  A gnoll shaman (D:4)
  3 orc priests
  2 hounds (D:5)
  Jessica (D:2)
  3 orc wizards
  2 iguanas
  A hound skeleton (D:5)
  3 gnolls (D:4)
  6 adders
  A shadow imp (D:6)
  An adder skeleton (D:4)
  A worm (D:2)
  A dart slug (D:1)
  27 orcs
  A ball python (D:3)
  7 endoplasms
  4 giant cockroaches
  7 goblins
  8 hobgoblins
  20 jackals
  5 kobolds
  3 quokkas (D:1)
  5 bats
  3 frilled lizards
  3 rats
132 creatures vanquished.

Notes
Turn   | Place    | Note
-------+----------+-------------------------------------------
     0 | D:1      | Froggeryz the Gnoll Monk began the quest for the Orb.
     0 | D:1      | Reached XP level 1. HP: 23/23 MP: 1/1
    77 | D:1      | Found a faded altar of an unknown god.
   285 | D:1      | Reached XP level 2. HP: 29/29 MP: 2/2
   449 | D:1      | Identified the Tome of Earthen Translocation
   521 | D:1      | Reached XP level 3. HP: 35/35 MP: 3/3
   991 | D:2      | Noticed Jessica
   997 | D:2      | Killed Jessica
   998 | D:2      | Reached skill level 1 in Short Blades
   998 | D:2      | Reached skill level 1 in Long Blades
   998 | D:2      | Reached skill level 1 in Axes
   998 | D:2      | Reached skill level 1 in Maces & Flails
   998 | D:2      | Reached skill level 1 in Polearms
   998 | D:2      | Reached skill level 1 in Staves
   998 | D:2      | Reached skill level 1 in Slings
   998 | D:2      | Reached skill level 1 in Bows
   998 | D:2      | Reached skill level 1 in Crossbows
   998 | D:2      | Reached skill level 1 in Throwing
   998 | D:2      | Reached skill level 1 in Armour
   998 | D:2      | Reached skill level 1 in Shields
   998 | D:2      | Reached skill level 1 in Spellcasting
   998 | D:2      | Reached skill level 1 in Invocations
   998 | D:2      | Reached skill level 1 in Evocations
   998 | D:2      | Reached XP level 4. HP: 38/41 MP: 5/5
  1789 | D:2      | Reached skill level 1 in Conjurations
  1789 | D:2      | Reached skill level 1 in Hexes
  1789 | D:2      | Reached skill level 1 in Summonings
  1789 | D:2      | Reached skill level 1 in Necromancy
  1789 | D:2      | Reached skill level 1 in Translocations
  1789 | D:2      | Reached skill level 1 in Transmutations
  1789 | D:2      | Reached skill level 1 in Fire Magic
  1789 | D:2      | Reached skill level 1 in Ice Magic
  1789 | D:2      | Reached skill level 1 in Air Magic
  1789 | D:2      | Reached skill level 1 in Earth Magic
  1789 | D:2      | Reached skill level 1 in Poison Magic
  1902 | D:3      | Found Nooheorph's General Store.
  2027 | D:3      | Identified a scroll of acquirement
  2027 | D:3      | Acquired the amulet of the Duchess {Faith Drain rPois
                  | Will++}
  2106 | D:3      | Reached XP level 5. HP: 20/47 MP: 5/7
  2866 | D:4      | Noticed an ogre
  2994 | D:4      | Found a radiant altar of Vehumet.
  3085 | D:4      | Killed an ogre
  3086 | D:4      | Reached XP level 6. HP: 53/53 MP: 8/8
  3722 | D:4      | You fall into a shaft and drop 1 floor!
  3722 | D:5      | Entered Level 5 of the Dungeon
  3783 | D:4      | Found a bloodstained altar of Trog.
  3802 | D:4      | Reached XP level 7. HP: 33/59 MP: 10/10
  5251 | D:5      | Reached skill level 5 in Stealth
  5282 | D:4      | HP: 1/60 [scorpion (9)]
  5292 | D:4      | HP: 3/60 [poisoned by a scorpion]
  5623 | D:4      | Reached XP level 8. HP: 56/67 MP: 12/12
  5897 | D:5      | Learned a level 2 spell: Blink
  6779 | D:5      | Found a sparkling altar of Nemelex Xobeh.
  6837 | D:5      | Found a staircase to the Ecumenical Temple.
  6959 | Temple   | Entered the Ecumenical Temple
  7406 | Temple   | Became a worshipper of Cheibriados the Contemplative
  7406 | Temple   | Reached * piety under Cheibriados
  7406 | Temple   | Reached ** piety under Cheibriados
  7514 | D:6      | Noticed Edmund
  7722 | D:5      | Acquired Froggeryz's Volume of Venom and Stones
  7840 | D:6      | Noticed Blork the orc
  8117 | D:5      | Killed Blork the orc
  8579 | D:6      | Slain by Edmund

Illustrated notes

Levels and vault maps discovered:
D:1:      dpeg_arrival_round_c, layout_loops_ring, ebering_ecumenical_altar_rust
D:2:      layout_basic, uniq_jessica
D:3:      layout_loops_ring, serial_shops, shop_fountains,
          kennysheep_another_room
D:4:      minmay_diamond_boxcup, layout_loops_ring, lemuel_tele_altar,
          trog_three_pillars_becter
D:5:      layout_basic, kennysheep_little_box, minmay_temple_entry_junction_2
D:6:      layout_cave_pools, gammafunk_ghost_icy, minmay_puff,
          uniq_blork_the_orc, uniq_maggie, uniq_edmund
Temple:   minmay_temple_forest_path

Skill      XL: |  1  2  3  4  5  6  7  8 |
---------------+-------------------------+-----
Short Blades   | 1 2 3 |  3.4
Long Blades    | 1 2 3 |  3.4
Axes           | 1 2 3 |  3.4
Maces & Flails | 1 2 3 |  3.4
Polearms       | 1 2 3 |  3.4
Staves         | 1 2 3 |  3.4
Slings         | 1 2 3 |  3.4
Bows           | 1 2 3 |  3.4
Crossbows      | 1 2 3 |  3.4
Throwing       | 1 2 3 |  3.4
Armour         | 1 2 3 |  3.4
Shields        | 1 2 3 |  3.4
Spellcasting   | 1 2 3 |  3.4
Invocations    | 1 2 3 |  3.8
Evocations     | 1 2 3 |  3.4
Conjurations   | 1 2 |  2.8
Hexes          | 1 2 |  2.8
Summonings     | 1 2 |  2.8
Necromancy     | 1 2 |  2.8
Translocations | 1 2 |  2.8
Transmutations | 1 2 |  2.8
Fire Magic     | 1 2 |  2.8
Ice Magic      | 1 2 |  2.8
Air Magic      | 1 2 |  2.8
Earth Magic    | 1 2 |  2.8
Poison Magic   | 1 2 |  2.8
Fighting       | 7 |  7.4
Dodging        | 7 |  7.4
Unarmed Combat | 7 |  7.4
Stealth        | 5 |  5.4

Action                   |  1- 3 |  4- 6 |  7- 9 || total
-------------------------+-------+-------+-------++-------
Melee: Unarmed           |    71 |   148 |   295 ||   514
       Bite              |     4 |    11 |    35 ||    50
       Punch             |     1 |     6 |     8 ||    15
 Fire: Hunting sling     |       |    11 |     4 ||    15
Throw: Throwing net      |       |     1 |       ||     1
  Use: Scroll            |       |     8 |     6 ||    14
       Potion            |       |       |     6 ||     6
 Stab: Sleeping          |     7 |     2 |     5 ||    14
       Distracted        |       |     1 |       ||     1
       Held in net/web   |       |     1 |       ||     1
Armor: Leather armour    |    11 |    13 |    46 ||    70
Dodge: Dodged            |    40 |    94 |   222 ||   356

Table legend: (Time is in decaauts)
 A = Elapsed time spent in this place.
 B = Non-inter-level travel time spent in this place.
 C = Inter-level travel time spent in this place.
 D = Time resting spent in this place.
 E = Time spent auto-exploring this place.
 F = Levels seen in this place.
 G = Mean time per level.
                   A        B        C        D        E       F      G
               +--------+--------+--------+--------+--------+-----+--------+
         Total |   8623 |   8202 |    421 |   1964 |   5073 |   7 | 1231.9 |
       Dungeon |   8105 |   7759 |    346 |   1964 |   4633 |   6 | 1350.8 |
        Temple |    518 |    443 |     75 |      0 |    440 |   1 |  518.0 |
               +--------+--------+--------+--------+--------+-----+--------+

Top non-repeatable levels by time:
     D:5: 2462 daAuts
     D:4: 2338 daAuts
     D:3: 1313 daAuts
     D:1: 952 daAuts
     D:2: 866 daAuts
  Temple: 518 daAuts
     D:6: 172 daAuts
